TOP OF THE 1ST |
Northville Eclipse batting - Pitching for Long Island Seawolves : RHP Joe Wilson
|
Pitching: RHP Joe Wilson
|
|
Batting: RHB Rod Shortall
|
0-0: Foul Ball, location: 2F 0-1: Foul Ball, location: 2F 0-2: SINGLE (Groundball, 34D)
|
Batting: RHB Bill Wilson
|
0-0: Ball Rod Shortall is caught stealing 2nd base 1-0: Called Strike 1-1: Foul Ball, location: 2F 1-2: SINGLE (Line Drive, 7LS)
|
Batting: LHB Conrad Hessing
|
0-0: Ball 1-0: Ball 2-0: Fly out, F7 (Flyball, 7S)
|
Batting: LHB Qing-nian Zexian
|
0-0: Foul Ball, location: 2F 0-1: Ball 1-1: Swinging Strike 1-2: Ball 2-2: Foul Ball, location: 2F 2-2: Ball 3-2: Strikes out swinging
|
Top of the 1st over - 0 runs, 2 hits, 0 errors, 1 left on base; Northville 0 - Long Island 0 |
BOTTOM OF THE 1ST |
Long Island Seawolves batting - Pitching for Northville Eclipse : LHP Lawrence Lane
|
Pitching: LHP Lawrence Lane
|
|
Batting: SHB Cheong-hun Kang
|
0-0: Ball 1-0: Ground out 4-3 (Groundball, 4)
|
Batting: RHB Taua Naituyaga
|
0-0: Ball 1-0: Fly out, F8 (Flyball, 78D)
|
Batting: RHB John Shultz
|
0-0: Called Strike 0-1: Swinging Strike 0-2: Strikes out looking
|
Bottom of the 1st over - 0 runs, 0 hits, 0 errors, 0 left on base; Northville 0 - Long Island 0 |
TOP OF THE 2ND |
Northville Eclipse batting - Pitching for Long Island Seawolves : RHP Joe Wilson
|
Batting: LHB Gilberto Ocasio
|
0-0: DOUBLE (Line Drive, 9LM)
|
Batting: LHB Mihai Dumitru
|
0-0: Ball 1-0: Ball 2-0: Ball 3-0: Base on Balls
|
Batting: LHB Lonnie Murray
|
0-0: Called Strike 0-1: SINGLE (Groundball, 34D) Gilberto Ocasio to third Mihai Dumitru to second Runner from 3rd tries for Home, throw and OUT! Mihai Dumitru to third Lonnie Murray to second
|
Batting: LHB Raymond Dudzinski
|
0-0: Fly out, F7 (Flyball, 78D) Runner from 3rd tags up, SCORES, throw made
|
Batting: RHB Tabor de Maria
|
0-0: Ball 1-0: Ground out 5-3 (Groundball, 56)
|
Top of the 2nd over - 1 run, 2 hits, 0 errors, 1 left on base; Northville 1 - Long Island 0 |
BOTTOM OF THE 2ND |
Long Island Seawolves batting - Pitching for Northville Eclipse : LHP Lawrence Lane
|
Batting: RHB John Mayasich
|
0-0: Foul Ball, location: 2F 0-1: Ball 1-1: Foul Ball, location: 2F 1-2: Ball 2-2: Ball 3-2: Ground out 6-3 (Groundball, 6S)
|
Batting: RHB Domingo Morín
|
0-0: Ball 1-0: Ball 2-0: Ball 3-0: Base on Balls
|
Batting: RHB Nigel Sturges
|
0-0: Called Strike 0-1: Ball 1-1: SINGLE (Line Drive, 89S) Domingo Morín to second
|
Batting: SHB Alexei Ponikarov
|
0-0: Ball 1-0: Swinging Strike 1-1: Ball 2-1: Called Strike 2-2: Foul Ball, location: 2F 2-2: SINGLE (Flyball, 7S) Domingo Morín to third Nigel Sturges to second Runner from 3rd tries for Home, SAFE, no throw
|
Batting: RHB Shigeaki Samurakami
|
0-0: Called Strike 0-1: SINGLE (Line Drive, 89S) Nigel Sturges to third Alexei Ponikarov to second
|
Batting: RHB Wes O'Mulhill
|
0-0: Ball 1-0: Ball 2-0: Foul Ball, location: 2F 2-1: Ball 3-1: TRIPLE (Line Drive, 8LXD) Nigel Sturges scores Alexei Ponikarov scores Shigeaki Samurakami scores
|
Batting: SHB Cheong-hun Kang
|
0-0: SINGLE (Line Drive, 3) Wes O'Mulhill scores
|
Batting: RHB Taua Naituyaga
|
0-0: Fly out, F9 (Flyball, 89D)
|
Batting: RHB John Shultz
|
0-0: Ball 1-0: Ball 2-0: Foul Ball, location: 2F 2-1: SINGLE (Groundball, 6MD) Cheong-hun Kang to second Runner from 2nd tries for 3rd, SAFE, no throw
|
Batting: RHB John Mayasich
|
0-0: Ball 1-0: Ground out 6-3 (Groundball, 6M)
|
Bottom of the 2nd over - 5 runs, 6 hits, 0 errors, 2 left on base; Northville 1 - Long Island 5 |
TOP OF THE 3RD |
Northville Eclipse batting - Pitching for Long Island Seawolves : RHP Joe Wilson
|
Batting: RHB Rod Shortall
|
0-0: Called Strike 0-1: Called Strike 0-2: Ball 1-2: Ball 2-2: Foul Ball, location: 2F 2-2: Foul Ball, location: 2F 2-2: SOLO HOME RUN (Flyball, 78XD), Distance : 388 ft
|
Batting: RHB Bill Wilson
|
0-0: Foul Ball, location: 2F 0-1: Ball 1-1: Ball 2-1: Foul Ball, location: 2F 2-2: Ball 3-2: Hit by Pitch
|
Batting: LHB Conrad Hessing
|
0-0: Swinging Strike 0-1: Ball 1-1: SINGLE (Flyball, 5D) Bill Wilson to second
|
Batting: LHB Qing-nian Zexian
|
0-0: Ball 1-0: Ball 2-0: DOUBLE (Groundball, 5L) Bill Wilson scores Conrad Hessing to third Runner from 3rd tries for Home, SAFE, no throw
|
Batting: LHB Gilberto Ocasio
|
0-0: Called Strike 0-1: Called Strike 0-2: Ball 1-2: Ball 2-2: Foul Ball, location: 2F 2-2: Strikes out swinging
|
Batting: LHB Mihai Dumitru
|
0-0: Ball 1-0: Called Strike 1-1: Swinging Strike 1-2: Foul Ball, location: 2F 1-2: Ball 2-2: Ball 3-2: Foul Ball, location: 2F 3-2: Strikes out swinging
|
Batting: LHB Lonnie Murray
|
0-0: Called Strike 0-1: Called Strike 0-2: Ball 1-2: Ball 2-2: Ball 3-2: Foul Ball, location: 2F 3-2: Strikes out looking
|
Top of the 3rd over - 3 runs, 3 hits, 0 errors, 1 left on base; Northville 4 - Long Island 5 |
BOTTOM OF THE 3RD |
Long Island Seawolves batting - Pitching for Northville Eclipse : LHP Lawrence Lane
|
Batting: RHB Domingo Morín
|
0-0: Ball 1-0: Ball 2-0: Ball 3-0: Base on Balls
|
Batting: RHB Nigel Sturges
|
0-0: Ball 1-0: Ball 2-0: Foul Ball, location: 2F 2-1: Fielders Choice at 2nd, 6-4 (Groundball, 6)
|
Batting: SHB Alexei Ponikarov
|
0-0: SINGLE (Line Drive, 7LS) Nigel Sturges to second
|
Batting: RHB Shigeaki Samurakami
|
0-0: Ball 1-0: Ball 2-0: Ball 3-0: Called Strike 3-1: DOUBLE (Line Drive, 89D) Nigel Sturges scores Alexei Ponikarov to third
|
Pitching: LHP Efren Rasonable
|
|
Batting: RHB Wes O'Mulhill
|
0-0: Ball 1-0: Called Strike 1-1: Ground out 6-3 (Groundball, 6) Alexei Ponikarov scores
|
Batting: SHB Cheong-hun Kang
|
0-0: Ground out 4-3 (Groundball, 4)
|
Bottom of the 3rd over - 2 runs, 2 hits, 0 errors, 1 left on base; Northville 4 - Long Island 7 |
TOP OF THE 4TH |
Northville Eclipse batting - Pitching for Long Island Seawolves : RHP Joe Wilson
|
Batting: LHB Raymond Dudzinski
|
0-0: Swinging Strike 0-1: Swinging Strike 0-2: Ball 1-2: SOLO HOME RUN (Flyball, 89XD), Distance : 356 ft
|
Batting: RHB Tabor de Maria
|
0-0: Ball 1-0: Ball 2-0: Foul Ball, location: 2F 2-1: Foul Ball, location: 2F 2-2: Ball 3-2: Base on Balls
|
Batting: RHB Rod Shortall
|
0-0: Foul Ball, location: 2F 0-1: Called Strike 0-2: Fly out, F8 (Line Drive, 89D)
|
Batting: RHB Bill Wilson
|
0-0: SINGLE (Line Drive, 7S) Tabor de Maria to second
|
Batting: LHB Conrad Hessing
|
0-0: Called Strike 0-1: Fielders Choice at 2nd, 4-6 (Groundball, 4) Tabor de Maria to third
|
Batting: LHB Qing-nian Zexian
|
0-0: Called Strike 0-1: Foul Ball, location: 2F 0-2: Strikes out looking
|
Top of the 4th over - 1 run, 2 hits, 0 errors, 2 left on base; Northville 5 - Long Island 7 |
BOTTOM OF THE 4TH |
Long Island Seawolves batting - Pitching for Northville Eclipse : LHP Efren Rasonable
|
Batting: RHB Taua Naituyaga
|
0-0: Called Strike 0-1: Ball 1-1: Ball 2-1: Fly out, F4 (Popup, 4M)
|
Batting: RHB John Shultz
|
0-0: Ball 1-0: Called Strike 1-1: Fly out, F9 (Flyball, 9S)
|
Batting: RHB John Mayasich
|
0-0: Fly out, F8 (Flyball, 8LM)
|
Bottom of the 4th over - 0 runs, 0 hits, 0 errors, 0 left on base; Northville 5 - Long Island 7 |
TOP OF THE 5TH |
Northville Eclipse batting - Pitching for Long Island Seawolves : RHP Joe Wilson
|
Batting: LHB Gilberto Ocasio
|
0-0: Ball 1-0: Called Strike 1-1: TRIPLE (Line Drive, 8LXD)
|
Batting: LHB Mihai Dumitru
|
0-0: Ball 1-0: Ball 2-0: Called Strike 2-1: Foul Ball, location: 2F 2-2: Strikes out swinging
|
Batting: LHB Lonnie Murray
|
0-0: Ball 1-0: Swinging Strike 1-1: Ball 2-1: 2-RUN HOME RUN (Flyball, 9LD), Distance : 331 ft
|
Batting: LHB Raymond Dudzinski
|
0-0: Ball 1-0: Swinging Strike 1-1: Ground out 6-3 (Groundball, 6)
|
Batting: RHB Tabor de Maria
|
0-0: Called Strike 0-1: Called Strike 0-2: Fly out, F9 (Flyball, 89D)
|
Top of the 5th over - 2 runs, 2 hits, 0 errors, 0 left on base; Northville 7 - Long Island 7 |
BOTTOM OF THE 5TH |
Long Island Seawolves batting - Pitching for Northville Eclipse : LHP Efren Rasonable
|
Batting: RHB Domingo Morín
|
0-0: Ball 1-0: Swinging Strike 1-1: Swinging Strike 1-2: Foul Ball, location: 2F 1-2: Strikes out swinging
|
Batting: RHB Nigel Sturges
|
0-0: Ball 1-0: Foul Ball, location: 2F 1-1: Foul Ball, location: 2F 1-2: Ball 2-2: SINGLE (Groundball, 6S) (infield hit)
|
Batting: SHB Alexei Ponikarov
|
0-0: Ball 1-0: Swinging Strike 1-1: Called Strike 1-2: Foul Ball, location: 2F 1-2: Foul Ball, location: 2F 1-2: Strikes out looking
|
Batting: RHB Shigeaki Samurakami
|
0-0: Ball 1-0: Ball 2-0: Called Strike 2-1: Called Strike 2-2: Ball 3-2: Foul Ball, location: 2F 3-2: Strikes out swinging
|
Bottom of the 5th over - 0 runs, 1 hit, 0 errors, 1 left on base; Northville 7 - Long Island 7 |
TOP OF THE 6TH |
Northville Eclipse batting - Pitching for Long Island Seawolves : RHP Joe Wilson
|
Pitching: RHP Dao-zi Zhai
|
|
Batting: RHB Rod Shortall
|
0-0: Called Strike 0-1: Foul Ball, location: 2F 0-2: Ball 1-2: Fly out, F5 (Popup, 5S)
|
Batting: RHB Bill Wilson
|
0-0: DOUBLE (Line Drive, 78D)
|
Batting: LHB Conrad Hessing
|
0-0: Fly out, F7 (Flyball, 7)
|
Batting: LHB Qing-nian Zexian
|
0-0: Intentional Walk
|
Batting: LHB Gilberto Ocasio
|
0-0: Ball 1-0: Ball 2-0: Called Strike 2-1: 3-RUN HOME RUN (Flyball, 78XD), Distance : 381 ft
|
Pitching: RHP Teok-kyu Ch'oe
|
|
Batting: LHB Mihai Dumitru
|
0-0: Ball 1-0: DOUBLE (Flyball, 89D)
|
Batting: LHB Lonnie Murray
|
0-0: Ground out 1-3 (Groundball, P)
|
Top of the 6th over - 3 runs, 3 hits, 0 errors, 1 left on base; Northville 10 - Long Island 7 |
BOTTOM OF THE 6TH |
Long Island Seawolves batting - Pitching for Northville Eclipse : LHP Efren Rasonable
|
Batting: RHB Wes O'Mulhill
|
0-0: Ball 1-0: Ball 2-0: Called Strike 2-1: Foul Ball, location: 2F 2-2: Foul Ball, location: 2F 2-2: Ball 3-2: Foul Ball, location: 2F 3-2: Strikes out swinging
|
Batting: SHB Cheong-hun Kang
|
0-0: Ball 1-0: Ball 2-0: Called Strike 2-1: Ball 3-1: Base on Balls
|
Batting: RHB Taua Naituyaga
|
0-0: Called Strike 0-1: Ball 1-1: Ball 2-1: Called Strike Cheong-hun Kang steals 2nd base 2-2: Ball 3-2: SINGLE (Line Drive, 6MD) Cheong-hun Kang to third
|
Batting: RHB John Shultz
|
0-0: Called Strike 0-1: Called Strike 0-2: Strikes out swinging
|
Pitching: RHP Ming-hoa Zhou
|
|
Batting: RHB John Mayasich
|
0-0: SINGLE (Line Drive, 6MD) Cheong-hun Kang scores Taua Naituyaga to second
|
Batting: RHB Domingo Morín
|
0-0: Ball 1-0: Ball 2-0: Foul Ball, location: 2F 2-1: Fly out, F9 (Flyball, 89M)
|
Bottom of the 6th over - 1 run, 2 hits, 0 errors, 2 left on base; Northville 10 - Long Island 8 |
TOP OF THE 7TH |
Northville Eclipse batting - Pitching for Long Island Seawolves : RHP Teok-kyu Ch'oe
|
Batting: LHB Raymond Dudzinski
|
0-0: Ball 1-0: Called Strike 1-1: Ground out 3-1 (Groundball, 34)
|
Batting: RHB Tabor de Maria
|
0-0: Called Strike 0-1: Ball 1-1: Ball 2-1: Called Strike 2-2: Foul Ball, location: 2F 2-2: Ball 3-2: Foul Ball, location: 2F 3-2: Foul Ball, location: 2F 3-2: SOLO HOME RUN (Flyball, 78XD), Distance : 383 ft
|
Batting: RHB Rod Shortall
|
0-0: Called Strike 0-1: Ball 1-1: Foul Ball, location: 2F 1-2: Strikes out looking
|
Batting: RHB Bill Wilson
|
0-0: Ball 1-0: Ball 2-0: Called Strike 2-1: Ball 3-1: Called Strike 3-2: SINGLE (Groundball, 56D)
|
Batting: LHB Conrad Hessing
|
0-0: Called Strike Bill Wilson steals 2nd base 0-1: Swinging Strike 0-2: Ball 1-2: Ball 2-2: SINGLE (Groundball, 56D) Bill Wilson to third Runner from 3rd tries for Home, SAFE, throw made home
|
Pitching: RHP José Salinas
|
|
Batting: LHB Qing-nian Zexian
|
0-0: Ball 1-0: Called Strike 1-1: Foul Ball, location: 2F 1-2: Ball 2-2: Fly out, F7 (Flyball, 78S)
|
Top of the 7th over - 2 runs, 3 hits, 0 errors, 1 left on base; Northville 12 - Long Island 8 |
BOTTOM OF THE 7TH |
Long Island Seawolves batting - Pitching for Northville Eclipse : RHP Ming-hoa Zhou
|
Batting: RHB Nigel Sturges
|
0-0: SINGLE (Line Drive, 7S)
|
Batting: SHB Alexei Ponikarov
|
0-0: Hit by Pitch Nigel Sturges to second
|
Batting: RHB Shigeaki Samurakami
|
0-0: Called Strike 0-1: Ball 1-1: SINGLE (Line Drive, 4MD) Nigel Sturges to third Alexei Ponikarov to second
|
Batting: RHB Wes O'Mulhill
|
0-0: Swinging Strike 0-1: Foul Ball, location: 2F 0-2: Ball 1-2: Ball 2-2: Foul Ball, location: 2F 2-2: Foul Ball, location: 2F 2-2: Ball 3-2: Strikes out looking
|
Batting: SHB Cheong-hun Kang
|
0-0: Ball 1-0: Ball 2-0: Ball 3-0: Base on Balls Nigel Sturges scores Alexei Ponikarov to third Shigeaki Samurakami to second
|
Batting: RHB Taua Naituyaga
|
0-0: Called Strike 0-1: Fly out, F9 (Flyball, 9) Runner from 3rd tags up, SCORES, throw made Shigeaki Samurakami to third
|
Batting: RHB John Shultz
|
0-0: Ball 1-0: Ball 2-0: Called Strike 2-1: Swinging Strike 2-2: SINGLE (Groundball, 56D) Shigeaki Samurakami scores Cheong-hun Kang to second Runner from 2nd tries for 3rd, SAFE, no throw
|
Pitching: RHP José Quintero
|
|
Batting: RHB John Mayasich
|
0-0: Foul Ball, location: 2F 0-1: Ball 1-1: Swinging Strike 1-2: Hit by Pitch John Shultz to second
|
Batting: RHB Domingo Morín
|
0-0: Ball 1-0: Called Strike 1-1: Called Strike 1-2: Ball 2-2: Foul Ball, location: 2F 2-2: Ball 3-2: Base on Balls Cheong-hun Kang scores John Shultz to third John Mayasich to second
|
Batting: RHB Nigel Sturges
|
0-0: Ball 1-0: Called Strike 1-1: Ball 2-1: GRAND SLAM HOME RUN (Flyball, 89XD), Distance : 374 ft
|
Pitching: RHP Xue-liang Li
|
|
Batting: SHB Alexei Ponikarov
|
0-0: Swinging Strike 0-1: Ball 1-1: Foul Ball, location: 2F 1-2: Strikes out looking
|
Bottom of the 7th over - 8 runs, 4 hits, 0 errors, 0 left on base; Northville 12 - Long Island 16 |
TOP OF THE 8TH |
Northville Eclipse batting - Pitching for Long Island Seawolves : RHP José Salinas
|
Batting: LHB Gilberto Ocasio
|
0-0: Called Strike 0-1: Ball 1-1: Ball 2-1: Foul Ball, location: 2F 2-2: Fly out, F4 (Popup, 4)
|
Batting: LHB Mihai Dumitru
|
0-0: Ball 1-0: Called Strike 1-1: Ball 2-1: Foul Ball, location: 2F 2-2: Ball 3-2: Strikes out swinging
|
Batting: LHB Lonnie Murray
|
0-0: Ball 1-0: Ball 2-0: Ball 3-0: Called Strike 3-1: Base on Balls
|
Batting: LHB Raymond Dudzinski
|
0-0: Ball 1-0: Swinging Strike 1-1: Ball 2-1: Ball 3-1: Base on Balls Lonnie Murray to second
|
Batting: RHB Tabor de Maria
|
0-0: Ball 1-0: Called Strike 1-1: Foul Ball, location: 2F 1-2: Ball 2-2: Foul Ball, location: 2F 2-2: Fly out, F3 (Popup, 3F)
|
Top of the 8th over - 0 runs, 0 hits, 0 errors, 2 left on base; Northville 12 - Long Island 16 |
BOTTOM OF THE 8TH |
Long Island Seawolves batting - Pitching for Northville Eclipse : RHP Xue-liang Li
|
Batting: RHB Shigeaki Samurakami
|
0-0: Ball 1-0: Ball 2-0: Called Strike 2-1: Ground out 6-3 (Groundball, 6)
|
Batting: RHB Wes O'Mulhill
|
0-0: Called Strike 0-1: Ball 1-1: Ball 2-1: Foul Ball, location: 2F 2-2: Ball 3-2: Base on Balls
|
Batting: SHB Cheong-hun Kang
|
0-0: Ball 1-0: Foul Ball, location: 2F 1-1: Called Strike 1-2: Fielders Choice at 2nd, 4-6 (Groundball, 4)
|
Batting: RHB Taua Naituyaga
|
0-0: Called Strike Cheong-hun Kang steals 2nd base 0-1: Foul Ball, location: 2F 0-2: Foul Ball, location: 2F 0-2: Strikes out swinging
|
Bottom of the 8th over - 0 runs, 0 hits, 0 errors, 1 left on base; Northville 12 - Long Island 16 |
TOP OF THE 9TH |
Northville Eclipse batting - Pitching for Long Island Seawolves : RHP José Salinas
|
Batting: RHB Rod Shortall
|
0-0: Called Strike 0-1: Fly out, F9 (Flyball, 9)
|
Batting: RHB Bill Wilson
|
0-0: Ball 1-0: Called Strike 1-1: Swinging Strike 1-2: Ground out 1-3 (Groundball, 13)
|
Batting: LHB Conrad Hessing
|
0-0: Called Strike 0-1: Swinging Strike 0-2: Ball 1-2: Ball 2-2: Foul Ball, location: 2F 2-2: Fly out, F3 (Popup, 3F)
|
Top of the 9th over - 0 runs, 0 hits, 0 errors, 0 left on base; Northville 12 - Long Island 16 |
|